| TOP OF THE 1ST |
|
Hamilton Cardinals batting - Pitching for Brockton Rox : RHP Johnny Lucero
|
|
Pitching: RHP Johnny Lucero
|
|
|
Batting: SHB Kelly Brooks
|
0-0: Fly out, F7 (Flyball, 78M, EV 79.4 MPH)
|
|
Batting: LHB Rafael Banda
|
0-0: Ball 1-0: SINGLE (Groundball, 34S, EV 62.5 MPH) (infield hit)
|
|
Batting: SHB J.T. Ready
|
0-0: Foul Ball, location: 2F 0-1: Ball 1-1: Called Strike 1-2: Foul Ball, location: 2F 1-2: Strikes out swinging
|
|
Batting: RHB Shou-feng Chang
|
0-0: Ball 1-0: Foul Ball, location: 2F 1-1: SINGLE (Groundball, 4MS, EV 65.6 MPH) (infield hit) Rafael Banda to second
|
|
Batting: SHB Jae-hong Kym
|
0-0: Ball 1-0: Fly out, F7 (Flyball, 7D, EV 95.6 MPH)
|
| Top of the 1st over - 0 runs, 2 hits, 0 errors, 2 left on base; Hamilton 0 - Brockton 0 |
| BOTTOM OF THE 1ST |
|
Brockton Rox batting - Pitching for Hamilton Cardinals : RHP Rob Halley
|
|
Pitching: RHP Rob Halley
|
|
|
Batting: RHB Bob Reichley
|
0-0: Ground out 6-3 (Groundball, 6, EV 101.9 MPH)
|
|
Batting: LHB Kenny Jackson
|
0-0: Foul Ball, location: 2F 0-1: Ball 1-1: Ball 2-1: Fly out, F4 (Popup, 4, EV 51.9 MPH)
|
|
Batting: RHB Matt Walker
|
0-0: Called Strike 0-1: Called Strike 0-2: Ball 1-2: Strikes out swinging
|
| Bottom of the 1st over - 0 runs, 0 hits, 0 errors, 0 left on base; Hamilton 0 - Brockton 0 |
| TOP OF THE 2ND |
|
Hamilton Cardinals batting - Pitching for Brockton Rox : RHP Johnny Lucero
|
|
Batting: RHB Dan Wages
|
0-0: Ball 1-0: Fly out, F4 (Popup, 34S, EV 30.6 MPH)
|
|
Batting: RHB Matt Shaw
|
0-0: Ball 1-0: Ball 2-0: Ground out 5-3 (Groundball, 56S, EV 71.9 MPH)
|
|
Batting: RHB Oscar Higareda
|
0-0: Ball 1-0: Ball 2-0: Called Strike 2-1: Fly out, F6 (Popup, 4M, EV 61.2 MPH)
|
| Top of the 2nd over - 0 runs, 0 hits, 0 errors, 0 left on base; Hamilton 0 - Brockton 0 |
| BOTTOM OF THE 2ND |
|
Brockton Rox batting - Pitching for Hamilton Cardinals : RHP Rob Halley
|
|
Batting: RHB Ryan Davis
|
0-0: Ball 1-0: Foul Ball, location: 2F 1-1: Foul Ball, location: 2F 1-2: Strikes out swinging
|
|
Batting: RHB Jose Blocker
|
0-0: Ball 1-0: Foul Ball, location: 2F 1-1: Foul Ball, location: 2F 1-2: Strikes out swinging
|
|
Batting: RHB Wayne Whimster
|
0-0: Foul Ball, location: 2F 0-1: Swinging Strike 0-2: Ball 1-2: SINGLE (Line Drive, 5D, EV 107.5 MPH)
|
|
Batting: LHB Alexis Toxqui
|
0-0: Ball 1-0: Called Strike 1-1: Foul Ball, location: 2F 1-2: Ball 2-2: Foul Ball, location: 2F 2-2: Ball 3-2: Foul Ball, location: 2F 3-2: Base on Balls Wayne Whimster to second
|
|
Batting: LHB Isaiah Spitzbarth
|
0-0: Ball 1-0: Ground out 4-3 (Groundball, 4, EV 108.1 MPH)
|
| Bottom of the 2nd over - 0 runs, 1 hit, 0 errors, 2 left on base; Hamilton 0 - Brockton 0 |
| TOP OF THE 3RD |
|
Hamilton Cardinals batting - Pitching for Brockton Rox : RHP Johnny Lucero
|
|
Batting: SHB Brad Meyer
|
0-0: Ball 1-0: Foul Ball, location: 2F 1-1: Ball 2-1: Ball 3-1: Fly out, F8 (Flyball, 78D, EV 108.8 MPH)
|
|
Batting: SHB Kelly Brooks
|
0-0: Foul Ball, location: 2F 0-1: Ground out 5-3 (Groundball, 56, EV 88.8 MPH)
|
|
Batting: LHB Rafael Banda
|
0-0: Ball 1-0: Foul Ball, location: 2F 1-1: Called Strike 1-2: Foul Ball, location: 2F 1-2: Strikes out swinging
|
| Top of the 3rd over - 0 runs, 0 hits, 0 errors, 0 left on base; Hamilton 0 - Brockton 0 |
| BOTTOM OF THE 3RD |
|
Brockton Rox batting - Pitching for Hamilton Cardinals : RHP Rob Halley
|
|
Batting: LHB Darby Starburster
|
0-0: Ball 1-0: Foul Ball, location: 2F 1-1: Ball 2-1: Ball 3-1: Foul Ball, location: 2F 3-2: Base on Balls
|
|
Batting: RHB Bob Reichley
|
0-0: Called Strike 0-1: Ball Darby Starburster steals 2nd base (no throw) 1-1: Foul Ball, location: 2F 1-2: Strikes out swinging
|
|
Batting: LHB Kenny Jackson
|
0-0: Foul Ball, location: 2F 0-1: Ball 1-1: Swinging Strike 1-2: Strikes out looking
|
|
Batting: RHB Matt Walker
|
0-0: Ball 1-0: Ball 2-0: Foul Ball, location: 2F 2-1: Foul Ball, location: 2F 2-2: Strikes out swinging
|
| Bottom of the 3rd over - 0 runs, 0 hits, 0 errors, 1 left on base; Hamilton 0 - Brockton 0 |
| TOP OF THE 4TH |
|
Hamilton Cardinals batting - Pitching for Brockton Rox : RHP Johnny Lucero
|
|
Batting: SHB J.T. Ready
|
0-0: Called Strike 0-1: Foul Ball, location: 2F 0-2: Ball 1-2: Foul Ball, location: 2F 1-2: Strikes out swinging
|
|
Batting: RHB Shou-feng Chang
|
0-0: Called Strike 0-1: Swinging Strike 0-2: Ball 1-2: Ball 2-2: Ball 3-2: Fly out, F8 (Flyball, 8LD, EV 98.1 MPH)
|
|
Batting: SHB Jae-hong Kym
|
0-0: Ball 1-0: Called Strike 1-1: Foul Ball, location: 2F 1-2: Strikes out swinging
|
| Top of the 4th over - 0 runs, 0 hits, 0 errors, 0 left on base; Hamilton 0 - Brockton 0 |
| BOTTOM OF THE 4TH |
|
Brockton Rox batting - Pitching for Hamilton Cardinals : RHP Rob Halley
|
|
Batting: RHB Ryan Davis
|
0-0: Ball 1-0: Foul Ball, location: 2F 1-1: Ball 2-1: Swinging Strike 2-2: Foul Ball, location: 2F 2-2: DOUBLE (Line Drive, 9LM, EV 112.5 MPH)
|
|
Batting: RHB Jose Blocker
|
0-0: Ball 1-0: Swinging Strike 1-1: Called Strike 1-2: DOUBLE (Line Drive, 89M, EV 110.0 MPH) Ryan Davis scores
|
|
Batting: RHB Wayne Whimster
|
0-0: SINGLE (Groundball, 4MD, EV 95.0 MPH) Jose Blocker to third Runner from 3rd tries for Home, SAFE, throw by CF to home
|
|
Batting: LHB Alexis Toxqui
|
0-0: Ball 1-0: Called Strike 1-1: Swinging Strike 1-2: Ball 2-2: Strikes out swinging
|
|
Batting: LHB Isaiah Spitzbarth
|
0-0: Called Strike 0-1: Foul Ball, location: 2F 0-2: Foul Ball, location: 2F 0-2: Strikes out swinging
|
|
Batting: LHB Darby Starburster
|
0-0: Called Strike 0-1: Foul Ball, location: 2F 0-2: Foul Ball, location: 2F 0-2: Strikes out swinging
|
| Bottom of the 4th over - 2 runs, 3 hits, 0 errors, 1 left on base; Hamilton 0 - Brockton 2 |
| TOP OF THE 5TH |
|
Hamilton Cardinals batting - Pitching for Brockton Rox : RHP Johnny Lucero
|
|
Batting: RHB Dan Wages
|
0-0: Called Strike 0-1: Fly out, F7 (Flyball, 7, EV 89.4 MPH)
|
|
Batting: RHB Matt Shaw
|
0-0: Ball 1-0: Fly out, F7 (Flyball, 7LMF, EV 92.5 MPH)
|
|
Batting: RHB Oscar Higareda
|
0-0: Ball 1-0: Foul Ball, location: 2F 1-1: Foul Ball, location: 2F 1-2: Ball 2-2: Foul Ball, location: 2F 2-2: Strikes out looking
|
| Top of the 5th over - 0 runs, 0 hits, 0 errors, 0 left on base; Hamilton 0 - Brockton 2 |
| BOTTOM OF THE 5TH |
|
Brockton Rox batting - Pitching for Hamilton Cardinals : RHP Rob Halley
|
|
Batting: RHB Bob Reichley
|
0-0: SINGLE (Line Drive, 8RS, EV 88.1 MPH)
|
|
Pitching: RHP Daniel Boulter
|
|
|
Batting: LHB Kenny Jackson
|
0-0: Fly out, F8 (Flyball, 8LD, EV 86.2 MPH)
|
|
Batting: RHB Matt Walker
|
0-0: Swinging Strike 0-1: Foul Ball, location: 2F 0-2: Ball 1-2: Ball 2-2: Strikes out swinging
|
|
Batting: RHB Ryan Davis
|
0-0: Ball 1-0: Called Strike 1-1: Ball 2-1: Called Strike 2-2: Ball Balk! Bob Reichley to second 3-2: SINGLE (Groundball, 6MD, EV 95.0 MPH) Bob Reichley to third Runner from 3rd tries for Home, SAFE, throw by CF to home
|
|
Batting: RHB Jose Blocker
|
0-0: SINGLE (Flyball, 8LM, EV 90.0 MPH) Ryan Davis to second Runner from 2nd tries for 3rd, SAFE, throw by CF made to third
|
|
Batting: RHB Wayne Whimster
|
0-0: Foul Ball, location: 2F 0-1: Swinging Strike 0-2: Hit by Pitch Jose Blocker to second
|
|
Batting: LHB Alexis Toxqui
|
0-0: Ball 1-0: Fly out, F5 (Popup, 5SF, EV 71.9 MPH)
|
| Bottom of the 5th over - 1 run, 3 hits, 0 errors, 3 left on base; Hamilton 0 - Brockton 3 |
| TOP OF THE 6TH |
|
Hamilton Cardinals batting - Pitching for Brockton Rox : RHP Johnny Lucero
|
|
Batting: SHB Brad Meyer
|
0-0: Called Strike 0-1: Fly out, F8 (Flyball, 8LD, EV 76.2 MPH)
|
|
Batting: SHB Kelly Brooks
|
0-0: Called Strike 0-1: Swinging Strike 0-2: Ball 1-2: Strikes out swinging
|
|
Batting: LHB Rafael Banda
|
0-0: Swinging Strike 0-1: Foul Ball, location: 2F 0-2: Ball 1-2: Foul Ball, location: 2F 1-2: Ball 2-2: Ball 3-2: Base on Balls
|
|
Batting: SHB J.T. Ready
|
0-0: Ball 1-0: Ball 2-0: Called Strike 2-1: Ball 3-1: Base on Balls Rafael Banda to second
|
|
Batting: RHB Shou-feng Chang
|
0-0: Ball 1-0: Ball 2-0: Called Strike 2-1: Called Strike 2-2: Foul Ball, location: 2F 2-2: Ball 3-2: Base on Balls Rafael Banda to third J.T. Ready to second
|
|
Pitching: LHP Luis Izquierdo
|
|
|
Batting: SHB Jae-hong Kym
|
0-0: Called Strike 0-1: Foul Ball, location: 2F 0-2: Strikes out swinging
|
| Top of the 6th over - 0 runs, 0 hits, 0 errors, 3 left on base; Hamilton 0 - Brockton 3 |
| BOTTOM OF THE 6TH |
|
Brockton Rox batting - Pitching for Hamilton Cardinals : RHP Daniel Boulter
|
|
Batting: LHB Isaiah Spitzbarth
|
0-0: Foul Ball, location: 2F 0-1: SINGLE (Groundball, 4M, EV 98.1 MPH)
|
|
Batting: LHB Darby Starburster
|
0-0: Ball 1-0: Ball 2-0: Foul Ball, location: 2F 2-1: Ball 3-1: Foul Ball, location: 2F 3-2: Strikes out swinging
|
|
Batting: RHB Bob Reichley
|
0-0: Fly out, F9 (Flyball, 89M, EV 89.4 MPH)
|
|
Batting: LHB Kenny Jackson
|
0-0: Ball 1-0: Ball 2-0: Called Strike 2-1: DOUBLE (Line Drive, 7LS, EV 108.8 MPH) Isaiah Spitzbarth to third Runner from 3rd tries for Home, SAFE, no throw by LF
|
|
Batting: RHB Matt Walker
|
0-0: Called Strike 0-1: Ball 1-1: Ball 2-1: Ground out 6-3 (Groundball, 56, EV 103.8 MPH)
|
| Bottom of the 6th over - 1 run, 2 hits, 0 errors, 1 left on base; Hamilton 0 - Brockton 4 |
| TOP OF THE 7TH |
|
Hamilton Cardinals batting - Pitching for Brockton Rox : LHP Luis Izquierdo
|
|
Batting: RHB Dan Wages
|
0-0: Called Strike 0-1: Foul Ball, location: 2F 0-2: Strikes out swinging
|
|
Batting: RHB Matt Shaw
|
0-0: Ball 1-0: Foul Ball, location: 2F 1-1: Ball 2-1: Ball 3-1: Swinging Strike 3-2: Foul Ball, location: 2F 3-2: Reached on error, E5 (Groundball, 56S, EV 89.4 MPH)
|
|
Batting: RHB Oscar Higareda
|
0-0: Called Strike 0-1: Foul Ball, location: 2F 0-2: Fly out, F9 (Flyball, 9D, EV 91.9 MPH)
|
|
Batting: SHB Brad Meyer
|
0-0: Ball 1-0: Called Strike 1-1: Called Strike Matt Shaw is caught stealing 2nd base 2-4
|
| Top of the 7th over - 0 runs, 0 hits, 1 error, 0 left on base; Hamilton 0 - Brockton 4 |
| BOTTOM OF THE 7TH |
|
Brockton Rox batting - Pitching for Hamilton Cardinals : RHP Daniel Boulter
|
|
Batting: RHB Ryan Davis
|
0-0: Ball 1-0: Called Strike 1-1: Called Strike 1-2: Foul Ball, location: 2F 1-2: Ground out 6-3 (Groundball, 6, EV 105.0 MPH)
|
|
Batting: RHB Jose Blocker
|
0-0: Called Strike 0-1: Swinging Strike 0-2: Strikes out swinging
|
|
Batting: RHB Wayne Whimster
|
0-0: Swinging Strike 0-1: Foul Ball, location: 2F 0-2: Ball 1-2: Foul Ball, location: 2F 1-2: Strikes out swinging
|
| Bottom of the 7th over - 0 runs, 0 hits, 0 errors, 0 left on base; Hamilton 0 - Brockton 4 |
| TOP OF THE 8TH |
|
Hamilton Cardinals batting - Pitching for Brockton Rox : LHP Luis Izquierdo
|
|
Batting: SHB Brad Meyer
|
0-0: Called Strike 0-1: Fly out, F6 (Popup, 6M, EV 75.0 MPH)
|
|
Batting: SHB Kelly Brooks
|
0-0: Ball 1-0: Ball 2-0: Ball 3-0: Called Strike 3-1: Base on Balls
|
|
Pitching: RHP Wu-sheng Zi
|
|
|
Batting: LHB Rafael Banda
|
0-0: Grounds into double play, 4-6-3 (Groundball, 4, EV 98.8 MPH)
|
| Top of the 8th over - 0 runs, 0 hits, 0 errors, 0 left on base; Hamilton 0 - Brockton 4 |
| BOTTOM OF THE 8TH |
|
Brockton Rox batting - Pitching for Hamilton Cardinals : RHP Daniel Boulter
|
|
Batting: LHB Alexis Toxqui
|
0-0: Fly out, F7 (Flyball, 7, EV 86.2 MPH)
|
|
Batting: LHB Isaiah Spitzbarth
|
0-0: Called Strike 0-1: Ground out 4-3 (Groundball, 4, EV 83.8 MPH)
|
|
Batting: LHB Darby Starburster
|
0-0: Swinging Strike 0-1: Foul Ball, location: 2F 0-2: Strikes out swinging
|
| Bottom of the 8th over - 0 runs, 0 hits, 0 errors, 0 left on base; Hamilton 0 - Brockton 4 |
| TOP OF THE 9TH |
|
Hamilton Cardinals batting - Pitching for Brockton Rox : RHP Wu-sheng Zi
|
|
Batting: SHB J.T. Ready
|
0-0: Ball 1-0: Ball 2-0: Called Strike 2-1: Called Strike 2-2: Foul Ball, location: 2F 2-2: Ball 3-2: Base on Balls
|
|
Batting: RHB Shou-feng Chang
|
0-0: Fly out, F9 (Flyball, 9D, EV 87.5 MPH)
|
|
Pinch Hitting: RHB Arnold Schuler
|
0-0: Ball 1-0: Called Strike 1-1: Fly out, F9 (Flyball, 89S, EV 81.9 MPH)
|
|
Batting: RHB Dan Wages
|
0-0: Foul Ball, location: 2F 0-1: Ball 1-1: Foul Ball, location: 2F 1-2: Strikes out swinging
|
| Top of the 9th over - 0 runs, 0 hits, 0 errors, 1 left on base; Hamilton 0 - Brockton 4 |
|